 Dungeon Crawl Stone Soup version 0.21.2 (webtiles) character file.

114 asishallab the Charmwright (level 4, -5/38 HPs)
             Began as a Gnoll Skald on Oct 12, 2018.
             Slain by TheNamelessOne's ghost (7 damage)
             ... on level 3 of the Dungeon on Oct 13, 2018.
             The game lasted 00:08:57 (3044 turns).

asishallab the Charmwright (Gnoll Skald)            Turns: 3044, Time: 00:08:57

Health: -5/38      AC:  5    Str: 13 (14) XL:     4   Next: 98%
Magic:  10/11      EV: 10    Int: 13 (15) God:
Gold:   94         SH:  0    Dex: 13 (15) Spells: 2/13 levels left

rFire    . . .     SeeInvis .   a - +0 hand axe
rCold    + . .     Gourm    .   (no shield)
rNeg     . . .     Faith    .   f - +0 ring mail
rPois    .         Spirit   .   (no helmet)
rElec    .         Reflect  .   (no cloak)
rCorr    .         Harm     .   (no gloves)
MR       .....                  (no boots)
Stlth    +.........             (no amulet)
HPRegen  0.12/turn              j - ring of protection from cold
MPRegen  0.12/turn              (no ring)

@: very slightly contaminated, extremely drained
A: distributed training, fangs 1, strong nose
a: no special abilities


You were on level 3 of the Dungeon.
You were not hungry.

You visited 1 branch of the dungeon, and saw 3 of its levels.

You collected 94 gold pieces.

Inventory:

Hand Weapons
 a - a +0 hand axe (weapon)
 i - a +0 dagger
Missiles
 e - 35 sling bullets
 k - 39 stones (quivered)
Armour
 f - a +0 ring mail (worn)
Jewellery
 j - a ring of protection from cold (left hand)
Scrolls
 o - a scroll of enchant armour
Potions
 b - a potion of curing
Books
 c - a book of Battle

   Spells                             Type                      Level
   a - Infusion                       Charms                       1
   b - Shroud of Golubria             Charms/Translocation         2
   c - Song of Slaying                Charms                       2
   d - Spectral Weapon                Hexes/Charms                 3
   e - Regeneration                   Charms/Necromancy            3
Comestibles
 d - a ration


   Skills:
 + Level 4.7(0.0) Fighting
 + Level 1.2(0.0) Short Blades
 + Level 1.2(0.0) Long Blades
 + Level 4.7(0.0) Axes
 + Level 1.2(0.0) Maces & Flails
 + Level 1.2(0.0) Polearms
 + Level 1.2(0.0) Staves
 + Level 1.2(0.0) Slings
 + Level 1.2(0.0) Bows
 + Level 1.2(0.0) Crossbows
 + Level 1.2(0.0) Throwing
 + Level 2.8(0.0) Armour
 + Level 4.7(0.0) Dodging
 + Level 1.2(0.0) Stealth
 + Level 1.2(0.0) Shields
 + Level 1.2(0.0) Unarmed Combat
 + Level 5.1(0.0) Spellcasting
 + Level 1.0(0.0) Conjurations
 + Level 1.0(0.0) Hexes
 + Level 5.5(0.0) Charms
 + Level 1.0(0.0) Summonings
 + Level 1.0(0.0) Necromancy
 + Level 1.0(0.0) Translocations
 + Level 1.0(0.0) Transmutations
 + Level 1.0(0.0) Fire Magic
 + Level 1.0(0.0) Ice Magic
 + Level 1.0(0.0) Air Magic
 + Level 1.0(0.0) Earth Magic
 + Level 1.0(0.0) Poison Magic
 + Level 1.4(0.0) Invocations
 + Level 1.2(0.0) Evocations


You had 2 spell levels left.
You knew the following spells:

 Your Spells              Type           Power        Failure   Level  Hunger
a - Infusion              Chrm           #...         56%         1    ##.....
b - Shroud of Golubria    Chrm/Tloc      #.........   71%         2    ###....
c - Song of Slaying       Chrm           #.......     71%         2    ###....
d - Spectral Weapon       Hex/Chrm       #.......     90%         3    ####...
e - Regeneration          Chrm/Necr      #.........   90%         3    ####...


Dungeon Overview and Level Annotations

Branches:
Dungeon (3/15)

Altars:
Ashenzari

Annotations:
D:3 TheNamelessOne's ghost, novice OpTm


Innate Abilities, Weirdness & Mutations

Your experience applies equally to all skills.
You have very sharp teeth.
Your uncanny sense of smell can sniff out nearby items.


Message History

* * * LOW HITPOINT WARNING * * *
TheNamelessOne's ghost hits you.
* * * LOW HITPOINT WARNING * * *
You feel drained.
* * * LOW HITPOINT WARNING * * *
You feel better. TheNamelessOne's ghost hits you.
* * * LOW HITPOINT WARNING * * *
You feel drained.
Casting: Shroud of Golubria
Confirm with . or Enter, or press ? or * to list all spells.
You miscast Infusion.
You are very lightly contaminated with residual magic.
Your skin tingles.
TheNamelessOne's ghost hits you.
* * * LOW HITPOINT WARNING * * *
You feel drained.
* * * LOW HITPOINT WARNING * * *
You hit TheNamelessOne's ghost but do no damage.
TheNamelessOne's ghost is moderately damaged.
TheNamelessOne's ghost hits you!
You die...

#..### # #....# .#.#.#
(...= ##.##.# # .#!#.#
....) #...#.#.####......
.._...+...'.#.##........
......#...#..#.h.....#.#
......#####.###hK......#
.....#.....#WKh.#..#
#.)#.....@##<../.#
###(รท#######..#.## .
#....# #..# # #. #..#.#
#..#.# .(.#####..#.#
####..#.# #..........#
#.......# #..#.#####.#
#.##..#.#
#....#####.####.##..#.#
#...................# .


You could see TheNamelessOne's ghost, 3 jackals and 2 kobolds.

Vanquished Creatures
  An iguana (D:3)
  3 adders (D:2)
  2 oozes (D:1)
  A worm (D:2)
  A dart slug (D:1)
  2 bats (D:1)
  A giant cockroach (D:1)
  5 goblins
  7 hobgoblins
  4 jackals (D:1)
  9 kobolds
  4 quokkas
  7 rats
47 creatures vanquished.

Vanquished Creatures (others)
  A spectral weapon (D:3)
1 creature vanquished.

Grand Total: 48 creatures vanquished

Notes
Turn   | Place    | Note
-------+----------+-------------------------------------------
     0 | D:1      | asishallab the Gnoll Skald began the quest for the Orb.
     0 | D:1      | Reached XP level 1. HP: 20/20 MP: 6/6
   247 | D:1      | Reached XP level 2. HP: 25/26 MP: 7/7
   389 | D:1      | Learned a level 2 spell: Shroud of Golubria
   392 | D:1      | Learned a level 2 spell: Song of Slaying
   464 | D:1      | Reached XP level 3. HP: 31/31 MP: 6/9
   523 | D:1      | Reached skill level 5 in Spellcasting
   924 | D:1      | Reached skill level 1 in Invocations
  1284 | D:2      | Learned a level 3 spell: Spectral Weapon
  1288 | D:2      | Learned a level 3 spell: Regeneration
  1330 | D:2      | Reached skill level 1 in Short Blades
  1330 | D:2      | Reached skill level 1 in Long Blades
  1330 | D:2      | Reached skill level 1 in Maces & Flails
  1330 | D:2      | Reached skill level 1 in Polearms
  1330 | D:2      | Reached skill level 1 in Staves
  1330 | D:2      | Reached skill level 1 in Slings
  1330 | D:2      | Reached skill level 1 in Bows
  1330 | D:2      | Reached skill level 1 in Crossbows
  1330 | D:2      | Reached skill level 1 in Throwing
  1330 | D:2      | Reached skill level 1 in Stealth
  1330 | D:2      | Reached skill level 1 in Shields
  1330 | D:2      | Reached skill level 1 in Unarmed Combat
  1330 | D:2      | Reached skill level 1 in Evocations
  1330 | D:2      | Reached XP level 4. HP: 35/38 MP: 11/11
  1792 | D:3      | Found a shattered altar of Ashenzari.
  1818 | D:3      | Reached skill level 1 in Conjurations
  1818 | D:3      | Reached skill level 1 in Hexes
  1818 | D:3      | Reached skill level 1 in Summonings
  1818 | D:3      | Reached skill level 1 in Necromancy
  1818 | D:3      | Reached skill level 1 in Translocations
  1818 | D:3      | Reached skill level 1 in Transmutations
  1818 | D:3      | Reached skill level 1 in Fire Magic
  1818 | D:3      | Reached skill level 1 in Ice Magic
  1818 | D:3      | Reached skill level 1 in Air Magic
  1818 | D:3      | Reached skill level 1 in Earth Magic
  1818 | D:3      | Reached skill level 1 in Poison Magic
  1822 | D:3      | Noticed TheNamelessOne's ghost (novice OpTm)
  3041 | D:3      | HP: 1/38 [TheNamelessOne's ghost (1)]
  3044 | D:3      | Slain by TheNamelessOne's ghost

Skill      XL: |  1  2  3  4 |
---------------+-------------+-----
Spellcasting   | 5 |  5.1
Invocations    | 1 |  1.4
Short Blades   | 1 |  1.2
Long Blades    | 1 |  1.2
Maces & Flails | 1 |  1.2
Polearms       | 1 |  1.2
Staves         | 1 |  1.2
Slings         | 1 |  1.2
Bows           | 1 |  1.2
Crossbows      | 1 |  1.2
Throwing       | 1 |  1.2
Stealth        | 1 |  1.2
Shields        | 1 |  1.2
Unarmed Combat | 1 |  1.2
Evocations     | 1 |  1.2
Conjurations   | 1 |  1.0
Hexes          | 1 |  1.0
Summonings     | 1 |  1.0
Necromancy     | 1 |  1.0
Translocations | 1 |  1.0
Transmutations | 1 |  1.0
Fire Magic     | 1 |  1.0
Ice Magic      | 1 |  1.0
Air Magic      | 1 |  1.0
Earth Magic    | 1 |  1.0
Poison Magic   | 1 |  1.0
Fighting       | |  4.7
Axes           | |  4.7
Armour         | |  2.8
Dodging        | |  4.7
Charms         | |  5.5

Action                   |  1- 3 |  4- 6 || total
-------------------------+-------+-------++-------
Melee: Hand axe          |    75 |   102 ||   177
       Bite              |     7 |     9 ||    16
       Dagger            |    11 |       ||    11
       Short sword       |    10 |       ||    10
Throw: Stone             |       |    22 ||    22
 Cast: Shroud of Golubri |     2 |     6 ||     8
       Song of Slaying   |     1 |     3 ||     4
       Spectral Weapon   |       |     3 ||     3
       Infusion          |       |     2 ||     2
  Use: Scroll            |     6 |     2 ||     8
       Potion            |     4 |     6 ||    10
  Eat: Chunk             |       |     4 ||     4
       Ration            |       |     2 ||     2
Armor: Leather armour    |    16 |       ||    16
       Ring mail         |       |    32 ||    32
Dodge: Dodged            |    68 |    61 ||   129
